 Dungeon Crawl Stone Soup version 0.31.0-7-gf635a9b802 (webtiles) character file.

Game seed: 13576517362096557451

22950 CrypticCrinoid the Severer (level 12, -22/111 HPs)
             Began as a Minotaur Berserker on Jan 24, 2024.
             Was a High Priest of Trog.
             Killed from afar by an ice dragon (36 damage)
             ... with a blast of cold
             ... on level 12 of the Dungeon.
             The game lasted 00:42:11 (13918 turns).

CrypticCrinoid the Severer (Minotaur Berserker)    Turns: 13918, Time: 00:42:12

Health: -22/111    AC: 19    Str: 25    XL:     12   Next: 67%
Magic:  11/11      EV: 10    Int:  4    God:    Trog [*****.]
Gold:   876        SH:  5    Dex: 12    Spells: 11/11 levels left

rFire   . . .        I - +0 broad axe
rCold   . . .        J - +0 buckler
rNeg    + . .        L - +0 plate armour
rPois   .            (helmet restricted)
rElec   .            B - +0 cloak
rCorr   .            (no gloves)
SInv    .            E - +0 pair of boots
Will    .....        (no amulet) Stlth
                     R - ring of positive energy
HPRegen 0.38/turn    (no ring)
MPRegen 0.12/turn

%: no passive effects
@: on berserk cooldown
A: horns 2, retaliatory headbutt
a: Renounce Religion, Berserk, Trog's Hand, Brothers in Arms


You were on level 12 of the Dungeon.
You worshipped Trog.
Trog was extremely pleased with you.
You visited 1 branch of the dungeon, and saw 12 of its levels.
You also visited: Ossuary.

You collected 1162 gold pieces.
You spent 286 gold pieces at shops.

Inventory:

Hand Weapons
 u - a +2 battleaxe
 I - a +0 broad axe (weapon)
 S - the +4 great mace "Umusap" {flame, SInv}
   (Trog gifted it to you on level 11 of the Dungeon)

   SInv:      It lets you see invisible.
Armour
 B - a +0 cloak (worn)
 E - a +0 pair of boots (worn)
 J - a +0 buckler (worn)
 L - a +0 plate armour (worn)
Jewellery
 a - a ring of ice
 g - a ring of flight
 R - a ring of positive energy (left hand)
Wands
 b - a wand of flame (29)
 k - a wand of digging (5)
 l - a wand of iceblast (6)
 s - a wand of charming (17)
 F - a wand of acid (3)
 Q - a wand of polymorph (6)
Scrolls
 e - 3 scrolls of fear
 f - a scroll of acquirement
 j - 7 scrolls of teleportation
 m - 2 scrolls of fog {unknown}
 p - a scroll of poison
 q - a scroll of silence
 r - a scroll of identify
 v - a scroll of revelation
 w - 3 scrolls of vulnerability
 y - a scroll of immolation {unknown}
 A - a scroll of amnesia
 C - 2 scrolls of blinking
 G - a scroll of torment {unknown}
 H - a scroll of butterflies {unknown}
 O - a scroll of noise {unknown}
 P - a scroll of brand weapon {unknown}
Potions
 c - 3 potions of heal wounds
 d - 4 potions of magic
 h - 2 potions of lignification
 i - 2 potions of haste
 n - 3 potions of might
 o - 2 potions of brilliance
 t - 4 potions of ambrosia
 x - 2 potions of curing
 z - 3 potions of cancellation
 D - 2 potions of degeneration {unknown}
 K - a potion of attraction {unknown}
 M - 3 potions of enlightenment
 N - a potion of mutation {unknown}


   Skills:
 * Level 11.7 Fighting
 * Level 16.5 Axes
 * Level 13.1 Armour
 * Level 8.0 Dodging
 * Level 5.3 Shields


You had 11 spell levels left.
You didn't know any spells.
Your spell library was empty.

Dungeon Overview and Level Annotations

Branches:
Dungeon (12/15)            Temple (0/1) D:5             Orc (0/2) D:9
Ossuary (visited)
   Lair: D:8-11

Altars:
Nemelex Xobeh
The Shining One

Shops:
D:4 *   D:6 *[:[   D:9 :

Portals:
Ice
Cave: D:12


Innate Abilities, Weirdness & Mutations

You have a pair of horns on your head.
You reflexively headbutt those who attack you in melee.


Message History

You hear a shout! x2
Things that are here:
a +0 giant club; an ogre corpse
Found a scroll of identify.
As you read the scroll of revelation, it crumbles to dust.
You feel aware of your surroundings.
You sensed 1 shop/portal.
Found 4 stones.
As you read the scroll of teleportation, it crumbles to dust.
You feel strangely unstable.
You completely miss the acid dragon. You headbutt the acid dragon!
The acid dragon is moderately wounded.
The acid dragon bites you but does no damage.
The acid dragon barely misses you.
You slash the acid dragon!
The acid dragon is heavily wounded.
You feel yourself speed up. The acid dragon bites you.
* * * LOW HITPOINT WARNING * * *
The acid dragon claws you but does no damage.
The acid dragon bites you!
* * * LOW HITPOINT WARNING * * *
The acid dragon barely misses you.
You barely miss the acid dragon.
The acid dragon is heavily wounded.
Unknown command.
You barely miss the acid dragon.
The acid dragon is heavily wounded.
Your surroundings suddenly seem different.
A wolf, a yak, an ice dragon and 4 polar bears come into view.
Found a frozen archway.
The polar bear growls angrily. x2; The yak bellows!
The ice dragon roars deafeningly!
The polar bear growls angrily. x2
The teleport trap disappears.
The wolf disappears!
The polar bear bites you!
* * * LOW HITPOINT WARNING * * *
The polar bear claws you but does no damage.
The polar bear closely misses you. The ice dragon breathes frost at you.
The blast of cold hits the polar bear!!
The polar bear resists.
The blast of cold hits you!!!
You die...

,*,,,,********
,***,,* ,,,,,,**
,,,,,,,* #######
,,,,,,,**** #.#...##
,,,,,,,**,###......#
,,,,,,,*,*,§Y.hhh.D#
,,,,,,,,****,#.h.h.#
,,,,,,,** ***#.@.#*
,,,,,,,* #####
****+**********
*,,,,,,,,,,*
*,,,,,,,,,,*
*,,,,,,,,,,*
*,,,,,,,,,,*
*,,,,,,,,,,*
*,,,,,,,,,,*


You could see an ice dragon (catching breath), 4 polar bears, a yak and a wolf.

Vanquished Creatures
  Snorg (D:10)
  A centaur warrior (D:11)
  8 two-headed ogres
  Lodul (D:11)
  Pikel (D:7)
  A manticore (D:11)
  4 cyclopes
  Jeremiah (D:6)
  2 trolls
  A hornet (D:9)
  A slime creature (D:11)
  Sigmund (D:5)
  A spriggan (D:7)
  2 wraiths
  38 yaks
  2 steam dragons
  Menkaure (D:5)
  An acid dragon (D:8)
  2 water moccasins
  4 orc warriors
  8 ice beasts
  2 sky beasts
  2 black bears
  8 ogres
  5 centaurs
  4 kobold brigands
  A weeping skull (Ossuary)
  3 bullfrogs
  2 scorpions (D:5)
  6 water moccasin zombies (Ossuary)
  A gnoll sergeant (D:11)
  14 wights
  8 killer bees
  5 howler monkeys
  3 hounds (D:5)
  2 jellies
  7 orc priests
  A gnoll bouda (D:8)
  A sleepcap (D:8)
  3 iguanas
  9 orc wizards
  3 crocodile zombies (Ossuary)
  2 mummies (Ossuary)
  2 adders
  7 gnolls
  A white imp (D:8)
  4 ufetubi (D:6)
  8 adder zombies (Ossuary)
  6 dart slugs
  2 ribbon worms (D:2)
  34 orcs
  6 ball pythons
  8 bats
  5 endoplasms
  6 giant cockroaches
  6 gnoll zombies (Ossuary)
  10 hobgoblins
  4 quokkas
  4 frilled lizards
  6 goblins
  3 jackal zombies (Ossuary)
  14 kobolds
  2 orc zombies (Ossuary)
  8 rats
320 creatures vanquished.

Vanquished Creatures (collateral kills)
  The ghost of jpg77071 the Summoner, a novice VSSu of Cheibriados (D:7)
  A killer bee (D:7)
2 creatures vanquished.

Grand Total: 322 creatures vanquished

Notes
Turn   | Place    | Note
-------+----------+-------------------------------------------
     0 | D:1      | CrypticCrinoid the Minotaur Berserker began the quest for
                  | the Orb.
     0 | D:1      | Reached XP level 1. HP: 19/19 MP: 0/0
   163 | D:1      | Noticed a great orb of eyes
   168 | D:1      | Noticed an eye of devastation
   175 | D:1      | Found a faded altar of an unknown god.
   177 | D:1      | Noticed a glass eye
   177 | D:1      | Noticed a glass eye
   276 | D:1      | Reached XP level 2. HP: 22/27 MP: 1/1
   356 | D:1      | Reached skill level 4 in Axes
   547 | D:1      | Reached ** piety under Trog
   894 | D:2      | Reached XP level 3. HP: 31/33 MP: 2/2
  1572 | D:2      | Identified the +6 chain mail "Nongasteuh" {Harm ^Drain
                  | Dex+4 SInv}
  1710 | D:2      | Reached XP level 4. HP: 33/41 MP: 3/3
  2056 | D:3      | Reached skill level 5 in Axes
  2603 | D:4      | Noticed an ogre
  2611 | D:4      | Killed an ogre
  2612 | D:4      | Reached XP level 5. HP: 24/47 MP: 4/4
  2736 | D:4      | Reached *** piety under Trog
  2869 | D:4      | Reached skill level 6 in Axes
  2988 | D:4      | Found Uroim's Assorted Antiques.
  2993 | D:4      | Bought a scroll labelled XOALECSEUNO for 28 gold pieces
  2993 | D:4      | Bought a smoky yellow potion for 25 gold pieces
  3059 | D:4      | Noticed a black bear
  3070 | D:4      | Killed a black bear
  3071 | D:4      | Reached skill level 5 in Fighting
  3071 | D:4      | Reached XP level 6. HP: 42/56 MP: 5/5
  3733 | D:5      | Entered Level 5 of the Dungeon
  3764 | D:5      | Noticed an ice beast
  3775 | D:5      | Killed an ice beast
  3776 | D:5      | Reached skill level 5 in Armour
  3776 | D:5      | Reached XP level 7. HP: 13/61 MP: 6/6
  3866 | D:5      | Reached skill level 7 in Axes
  3980 | D:5      | Found a sand-covered staircase.
  4031 | Ossuary  | Entered an ossuary
  4357 | Ossuary  | Reached skill level 8 in Axes
  4384 | Ossuary  | Reached XP level 8. HP: 53/70 MP: 7/7
  4597 | D:5      | Noticed Sigmund
  4604 | D:5      | Killed Sigmund
  4668 | D:5      | Reached skill level 9 in Axes
  4746 | D:5      | Found a staircase to the Ecumenical Temple.
  4989 | D:5      | Noticed Menkaure
  4998 | D:5      | Killed Menkaure
  5255 | D:6      | Reached skill level 10 in Axes
  5255 | D:6      | Reached XP level 9. HP: 60/78 MP: 8/8
  5258 | D:6      | Reached skill level 5 in Dodging
  5424 | D:6      | Identified the +2 ring mail of Beloved Freedom {rC+ Int-5
                  | Dex+6}
  5480 | D:6      | Reached skill level 11 in Axes
  5488 | D:6      | Reached **** piety under Trog
  5507 | D:6      | Noticed Jeremiah
  5807 | D:6      | Found Textiezo's Armour Shop.
  5809 | D:6      | Found Utiucusa's Book Shop.
  5809 | D:6      | Found Bupp's General Store.
  5846 | D:6      | Killed Jeremiah
  5847 | D:6      | Reached skill level 12 in Axes
  5863 | D:6      | Bought a +0 pair of boots for 58 gold pieces
  6067 | D:6      | Found Taallise's Armour Shop.
  6080 | D:6      | Reached XP level 10. HP: 73/86 MP: 9/9
  6767 | D:7      | Noticed a two-headed ogre
  6767 | D:7      | Noticed a two-headed ogre
  6773 | D:7      | Killed a two-headed ogre
  6774 | D:7      | Reached skill level 10 in Armour
  6777 | D:7      | Killed a two-headed ogre
  6781 | D:7      | Found the +8 pair of quick blades "Gyre" and "Gimble"
                  | {protect}
  6970 | D:7      | Reached skill level 13 in Axes
  7030 | D:7      | Noticed Pikel
  7068 | D:7      | Killed Pikel
  7316 | D:7      | Noticed jpg77071's ghost (novice VSSu)
  7334 | D:7      | Found a sparkling altar of Nemelex Xobeh.
  7422 | D:7      | Found a transporter.
  7426 | D:7      | Found a transporter.
  7441 | D:7      | Reached skill level 1 in Shields
  7460 | D:7      | Killed jpg77071's ghost
  7872 | D:7      | Identified a scroll of acquirement
  8548 | D:6      | Bought a scroll of identify for 26 gold pieces
  8548 | D:6      | Bought a scroll of blinking for 97 gold pieces
  8548 | D:6      | Bought a +0 broad axe for 52 gold pieces
  8798 | D:8      | Reached XP level 11. HP: 88/97 MP: 10/10
  9268 | D:8      | Noticed a two-headed ogre
  9276 | D:8      | Killed a two-headed ogre
  9277 | D:8      | Reached skill level 14 in Axes
  9383 | D:8      | Reached ***** piety under Trog
 10488 | D:9      | Paralysed by a hornet for 3 turns
 10493 | D:9      | Paralysed by a hornet for 1 turns
 10861 | D:9      | Found Awumavel's Book Boutique.
 10897 | D:9      | Found a glowing golden altar of the Shining One.
 10923 | D:9      | Found a staircase to the Orcish Mines.
 11301 | D:10     | Entered Level 10 of the Dungeon
 11369 | D:10     | Noticed Snorg
 11382 | D:10     | Killed Snorg
 11383 | D:10     | Reached skill level 10 in Fighting
 11561 | D:10     | Reached skill level 15 in Axes
 11978 | D:10     | Noticed a two-headed ogre
 11991 | D:10     | Killed a two-headed ogre
 12308 | D:11     | Noticed a two-headed ogre
 12320 | D:11     | Killed a two-headed ogre
 12321 | D:11     | Reached XP level 12. HP: 35/108 MP: 11/11
 12765 | D:11     | Noticed a centaur warrior
 12775 | D:11     | Killed a centaur warrior
 13085 | D:11     | Noticed a two-headed ogre
 13085 | D:11     | Noticed a two-headed ogre
 13093 | D:11     | Killed a two-headed ogre
 13094 | D:11     | Killed a two-headed ogre
 13190 | D:11     | Reached skill level 16 in Axes
 13521 | D:11     | Noticed a two-headed ogre
 13529 | D:11     | Killed a two-headed ogre
 13530 | D:11     | Reached skill level 5 in Shields
 13869 | D:11     | Noticed Lodul
 13875 | D:11     | Identified the +4 great mace "Umusap" {flame, SInv} (Trog
                  | gifted it to you on level 11 of the Dungeon)
 13875 | D:11     | Received a gift from Trog
 13883 | D:11     | Killed Lodul
 13918 | D:12     | Found a frozen archway.
 13918 | D:12     | Noticed an ice dragon
 13918 | D:12     | Killed from afar by an ice dragon

Illustrated notes

Levels and vault maps discovered:
D:1:      scummos_arrival_gate, layout_loops_ring,
          hellmonk_ecumenical_altar_watching_god, supply_closet_lemuel
D:2:      layout_loops_corners, amcnicky_mini_pool_small
D:3:      layout_loops_ring
D:4:      layout_layer_cave, serial_shops, nicolae_shop_rolling_square
D:5:      layout_rooms, temple_statues, mainiacjoe_ossuary_entry_dusty_tomb,
          kennysheep_generic_room_10, uniq_menkaure, uniq_sigmund
D:6:      layout_basic, nicolae_take_the_stairs, grunt_ministairs_6,
          amethyst_killhole, nicolae_shop_distant_corner_stores,
          kennysheep_decorative_pillar, uniq_jeremiah
D:7:      layout_basic, nemelex_diamond_rough_becter, gammafunk_ghost_hive,
          kennysheep_donut, corexii_checkpoint,
          hellmonk_guarded_unrand_gyre_and_gimble, uniq_pikel
D:8:      minmay_polygon_palace, layout_basic
D:9:      layout_small_grid, lemuel_round_altar, orc_0_dummy, serial_shops,
          nicolae_book_shop_shelving
D:10:     layout_big_octagon, nicolae_elevator_lobby_plus, uniq_snorg
D:11:     wad_arrow_thing, layout_layer_cave, david_lair_shrubbed,
          grunt_livestock, uniq_lodul
D:12:     layout_basic, portal_ice_cave_entry_animals_and_master, nicolae_titane

Skill      XL: |  1  2  3  4  5  6  7  8  9 10 11 12 |
---------------+-------------------------------------+-----
Fighting       | 4 5 6 7 9 10 11 | 11.7
Axes           | 4 5 6 8 10 12 13 15 16 | 16.5
Armour         | 3 4 5 6 8 9 11 12 13 | 13.1
Dodging        | 3 4 5 6 7 8 |  8.0
Shields        | 1 4 5 |  5.3

Action                     |  1- 3 |  4- 6 |  7- 9 | 10-12 || total
---------------------------+-------+-------+-------+-------++-------
  Melee: Hand axe          |   132 |    78 |   246 |   146 ||   602
         Headbutt          |    14 |    13 |    50 |   115 ||   192
         Punch             |     1 |     2 |     1 |       ||     4
         Broad axe         |       |       |       |   364 ||   364
 Invoke: Berserk           |     1 |     3 |     9 |    12 ||    25
         Trog's Hand       |       |       |     1 |       ||     1
         Brothers in Arms  |       |       |       |     1 ||     1
    Use: Scroll            |     1 |     5 |     7 |     5 ||    18
         Potion            |       |       |       |     3 ||     3
 Armour: Animal skin       |    37 |       |       |       ||    37
         Scale mail        |    38 |    74 |   158 |    11 ||   281
         Chain mail        |       |       |       |    82 ||    82
         Plate armour      |       |       |       |   435 ||   435
  Dodge: Dodged            |    67 |    63 |   114 |   236 ||   480
  Block: Buckler           |       |       |       |   103 ||   103
